BSA
GREENVILLE 84S @ TORONTO TITANS
09/22/2025
 
TOP OF THE 1ST
Greenville 84s batting - Pitching for Toronto Titans : LHP Carlos Tavárez
Pitching: LHP Carlos Tavárez
Batting: RHB Carlos Torres 0-0: Bunted foul
0-1: SINGLE (Line Drive, 89S)
Batting: LHB Chris Moore 0-0: Ball
1-0: Ball
2-0: SINGLE (Line Drive, 4D)
Carlos Torres to second
Runner from 2nd tries for 3rd, SAFE, throw made to third
Chris Moore to second
Batting: RHB Enzo Díaz 0-0: Called Strike
0-1: Foul Ball, location: 2F
0-2: Foul Ball, location: 2F
0-2: Ball
1-2: Ground out 5-3 (Groundball, 56)
Carlos Torres scores
Batting: LHB Jimmy Vickers 0-0: Ball
1-0: Ball
2-0: Foul Ball, location: 2F
2-1: Swinging Strike
2-2: Ball
3-2: Base on Balls
Batting: LHB Paco Rosas 0-0: Ball
1-0: Called Strike
1-1: Ball
2-1: Grounds out, U3 (Groundball, 3L)
Chris Moore to third
Batting: LHB Kiyonaga Morita 0-0: Swinging Strike
0-1: Foul Ball, location: 2F
0-2: Strikes out swinging
Top of the 1st over - 1 run(s), 2 hit(s), 0 error(s), 2 left on base; Greenville 1 - Toronto 0
BOTTOM OF THE 1ST
Toronto Titans batting - Pitching for Greenville 84s : RHP Hiroshige Yamada
Pitching: RHP Hiroshige Yamada
Batting: SHB Álex Rosado 0-0: Called Strike
0-1: Ball
1-1: Foul Ball, location: 2F
1-2: Ball
2-2: Ball
3-2: DOUBLE (Line Drive, 78D)
Batting: LHB Lewis Barr 0-0: Called Strike
0-1: Foul Ball, location: 2F
0-2: Foul Ball, location: 2F
0-2: Strikes out looking
Batting: LHB José Rodríguez 0-0: Called Strike
Balk!
Álex Rosado to third
0-1: 2-RUN HOME RUN (Line Drive, 89XD), Distance : 402 ft
Batting: LHB Kent MacDulothe 0-0: Ball
1-0: Called Strike
1-1: Called Strike
1-2: Ground out 3-1 (Groundball, 34S)
Batting: RHB Jim Tracy 0-0: Foul Ball, location: 2F
0-1: Swinging Strike
0-2: Strikes out looking
Bottom of the 1st over - 2 run(s), 2 hit(s), 0 error(s), 0 left on base; Greenville 1 - Toronto 2
TOP OF THE 2ND
Greenville 84s batting - Pitching for Toronto Titans : LHP Carlos Tavárez
Batting: LHB Vicente Bueno 0-0: Ball
1-0: Ball
2-0: Ball
3-0: Foul Ball, location: 2F
3-1: Base on Balls
Batting: LHB Brock Larsen 0-0: Ball
1-0: DOUBLE (Line Drive, 7LD)
Vicente Bueno to third
Runner from 3rd tries for Home, SAFE, no throw or cutoff
Batting: RHB Jorge Cisneros 0-0: Foul Ball, location: 2F
0-1: Ball
1-1: Called Strike
1-2: Strikes out swinging
Batting: RHB Carlos Torres 0-0: Ball
1-0: Swinging Strike
1-1: Ball
2-1: Foul Ball, location: 2F
2-2: SINGLE (Line Drive, 34)
Brock Larsen to third
Runner from 3rd tries for Home, SAFE, no throw or cutoff
Batting: LHB Chris Moore 0-0: Called Strike
0-1: Ball
1-1: SINGLE (Line Drive, 8LS)
Carlos Torres to second
Batting: RHB Enzo Díaz 0-0: Ball
1-0: Grounds into double play, 6-4-3 (Groundball, 6)
Top of the 2nd over - 2 run(s), 3 hit(s), 0 error(s), 1 left on base; Greenville 3 - Toronto 2
BOTTOM OF THE 2ND
Toronto Titans batting - Pitching for Greenville 84s : RHP Hiroshige Yamada
Batting: RHB Chris Parker 0-0: Ground out 5-3 (Groundball, 6S)
Batting: LHB Greg Schultz 0-0: Ball
1-0: Foul Ball, location: 2F
1-1: Swinging Strike
1-2: Ball
2-2: Foul Ball, location: 2F
2-2: Ball
3-2: Base on Balls
Batting: RHB Carlos Pérez 0-0: Ball
1-0: Ball
Wild Pitch!
Greg Schultz to second
2-0: Called Strike
2-1: Ball
3-1: Base on Balls
Batting: RHB Alberto Velásquez 0-0: Called Strike
0-1: Ball
1-1: Swinging Strike
1-2: Strikes out swinging
Batting: SHB Álex Rosado 0-0: Called Strike
0-1: Swinging Strike
0-2: Foul Ball, location: 2F
0-2: Reached on error, E4 (Groundball, 4)
Greg Schultz scores
Carlos Pérez to third
Batting: LHB Lewis Barr 0-0: Ground out 4-3 (Groundball, 34)
Bottom of the 2nd over - 1 run(s), 0 hit(s), 1 error(s), 2 left on base; Greenville 3 - Toronto 3
TOP OF THE 3RD
Greenville 84s batting - Pitching for Toronto Titans : LHP Carlos Tavárez
Batting: LHB Jimmy Vickers 0-0: Ball
1-0: Called Strike
1-1: Foul Ball, location: 2F
1-2: Foul Ball, location: 2F
1-2: Ball
2-2: Strikes out looking
Batting: LHB Paco Rosas 0-0: Swinging Strike
0-1: Ball
1-1: Ball
2-1: Ball
3-1: Ground out 4-3 (Groundball, 4S)
Batting: LHB Kiyonaga Morita 0-0: Foul Ball, location: 2F
0-1: Ball
1-1: Ball
2-1: Foul Ball, location: 2F
2-2: Foul Ball, location: 2F
2-2: Ball
3-2: Strikes out swinging
Top of the 3rd over - 0 run(s), 0 hit(s), 0 error(s), 0 left on base; Greenville 3 - Toronto 3
BOTTOM OF THE 3RD
Toronto Titans batting - Pitching for Greenville 84s : RHP Hiroshige Yamada
Batting: LHB José Rodríguez 0-0: Ball
1-0: Ball
2-0: Ball
3-0: Base on Balls
Batting: LHB Kent MacDulothe 0-0: Ball
1-0: Fly out, F7 (Flyball, 8LS)
Batting: RHB Jim Tracy 0-0: Called Strike
0-1: Foul Ball, location: 2F
0-2: Ball
1-2: SINGLE (Line Drive, 34)
José Rodríguez to second
Batting: RHB Chris Parker 0-0: Ball
1-0: Foul Ball, location: 2F
1-1: Fielders Choice at 2nd, 6-4 (Groundball, 6M)
José Rodríguez to third
Batting: LHB Greg Schultz 0-0: Ball
1-0: Ground out U3 (Groundball, 3S)
Bottom of the 3rd over - 0 run(s), 1 hit(s), 0 error(s), 2 left on base; Greenville 3 - Toronto 3
TOP OF THE 4TH
Greenville 84s batting - Pitching for Toronto Titans : LHP Carlos Tavárez
Batting: LHB Vicente Bueno 0-0: Called Strike
0-1: Ball
1-1: Fly out, F5 (Popup, 5DF)
Batting: LHB Brock Larsen 0-0: Swinging Strike
0-1: Swinging Strike
0-2: Strikes out swinging
Batting: RHB Jorge Cisneros 0-0: Ground out 6-3 (Groundball, 6)
Top of the 4th over - 0 run(s), 0 hit(s), 0 error(s), 0 left on base; Greenville 3 - Toronto 3
BOTTOM OF THE 4TH
Toronto Titans batting - Pitching for Greenville 84s : RHP Hiroshige Yamada
Batting: RHB Carlos Pérez 0-0: Called Strike
0-1: Ball
1-1: Ball
2-1: Fly out, F8 (Flyball, 8RM)
Batting: RHB Alberto Velásquez 0-0: Ball
1-0: Foul Ball, location: 2F
1-1: Called Strike
1-2: Ground out 6-3 (Groundball, 6M)
Batting: SHB Álex Rosado 0-0: Ball
1-0: Called Strike
1-1: Ball
2-1: Fly out, F7 (Flyball, 7S)
Bottom of the 4th over - 0 run(s), 0 hit(s), 0 error(s), 0 left on base; Greenville 3 - Toronto 3
TOP OF THE 5TH
Greenville 84s batting - Pitching for Toronto Titans : LHP Carlos Tavárez
Batting: RHB Carlos Torres 0-0: Ball
1-0: Called Strike
1-1: Ball
2-1: Ball
3-1: Base on Balls
Batting: LHB Chris Moore 0-0: Ball
1-0: Swinging Strike
1-1: Ball
2-1: Ball
3-1: SINGLE (Groundball, 34)
Carlos Torres to second
Runner from 2nd tries for 3rd, OUT!
Batting: RHB Enzo Díaz 0-0: Ball
1-0: Fielders Choice at 2nd, 5-4 (Groundball, 56)
Batting: LHB Jimmy Vickers 0-0: Ball
1-0: Fielders Choice at 2nd, 6-4 (Groundball, 6)
Top of the 5th over - 0 run(s), 1 hit(s), 0 error(s), 0 left on base; Greenville 3 - Toronto 3
BOTTOM OF THE 5TH
Toronto Titans batting - Pitching for Greenville 84s : RHP Hiroshige Yamada
Batting: LHB Lewis Barr 0-0: Called Strike
0-1: Ball
1-1: Ball
2-1: Called Strike
2-2: DOUBLE (Groundball, 5L)
Batting: LHB José Rodríguez 0-0: Intentional Walk
Batting: LHB Kent MacDulothe 0-0: Foul Ball, location: 2F
0-1: Ball
1-1: Swinging Strike
1-2: Strikes out looking
Batting: RHB Jim Tracy 0-0: Ball
1-0: Ball
2-0: Grounds into double play, U5-3 (Groundball, 5L)
Bottom of the 5th over - 0 run(s), 1 hit(s), 0 error(s), 1 left on base; Greenville 3 - Toronto 3
TOP OF THE 6TH
Greenville 84s batting - Pitching for Toronto Titans : LHP Carlos Tavárez
Batting: LHB Paco Rosas 0-0: Ball
1-0: Ball
2-0: Ground out U3 (Groundball, 3S)
Batting: LHB Kiyonaga Morita 0-0: Ball
1-0: Ball
2-0: Ball
3-0: Called Strike
3-1: Base on Balls
Pitching: LHP Roberto Vázquez
Batting: LHB Vicente Bueno 0-0: Ground out 4-3 (Groundball, 4M)
Kiyonaga Morita to second
Batting: LHB Brock Larsen 0-0: Fly out, F8 (Flyball, 8RD)
Top of the 6th over - 0 run(s), 0 hit(s), 0 error(s), 1 left on base; Greenville 3 - Toronto 3
BOTTOM OF THE 6TH
Toronto Titans batting - Pitching for Greenville 84s : RHP Hiroshige Yamada
Batting: RHB Chris Parker 0-0: Foul Ball, location: 2F
0-1: Ground out 6-3 (Groundball, 6M)
Batting: LHB Greg Schultz 0-0: Ball
1-0: Fly out, F5 (Popup, 56S)
Batting: RHB Carlos Pérez 0-0: Ball
1-0: Called Strike
1-1: Foul Ball, location: 2F
1-2: Strikes out looking
Bottom of the 6th over - 0 run(s), 0 hit(s), 0 error(s), 0 left on base; Greenville 3 - Toronto 3
TOP OF THE 7TH
Greenville 84s batting - Pitching for Toronto Titans : LHP Roberto Vázquez
Pinch Hitting: RHB Greg Handrahan 0-0: Swinging Strike
0-1: Ball
1-1: Called Strike
1-2: Ball
2-2: Fly out, F9 (Flyball, 9M)
Batting: RHB Carlos Torres 0-0: Ball
1-0: Ball
2-0: Foul Ball, location: 2F
2-1: Called Strike
2-2: Strikes out swinging
Batting: LHB Chris Moore 0-0: Foul Ball, location: 2F
0-1: Ball
1-1: Ball
2-1: Ball
3-1: Called Strike
3-2: SINGLE (Flyball, 8RS)
Batting: RHB Enzo Díaz 0-0: Called Strike
0-1: Foul Ball, location: 2F
0-2: DOUBLE (Line Drive, 8LD)
Chris Moore to third
Runner from 3rd tries for Home, SAFE, throw made at trailing runner, SAFE at third!
Pitching: RHP Pablo Cabral
Batting: LHB Jimmy Vickers 0-0: Ball
1-0: Swinging Strike
1-1: Swinging Strike
1-2: Strikes out swinging
Top of the 7th over - 1 run(s), 2 hit(s), 0 error(s), 1 left on base; Greenville 4 - Toronto 3
BOTTOM OF THE 7TH
Toronto Titans batting - Pitching for Greenville 84s : RHP Hiroshige Yamada
Now at 2B: Mario Cornelo
Batting: RHB Alberto Velásquez 0-0: Called Strike
0-1: Foul Ball, location: 2F
0-2: Ball
1-2: Foul Ball, location: 2F
1-2: Strikes out looking
Batting: SHB Álex Rosado 0-0: Called Strike
0-1: Foul Ball, location: 2F
0-2: Ball
1-2: Ball
2-2: Strikes out swinging
Batting: LHB Lewis Barr 0-0: Swinging Strike
0-1: Ball
1-1: Ground out 1-3 (Groundball, 23)
Bottom of the 7th over - 0 run(s), 0 hit(s), 0 error(s), 0 left on base; Greenville 4 - Toronto 3
TOP OF THE 8TH
Greenville 84s batting - Pitching for Toronto Titans : RHP Pablo Cabral
Batting: LHB Paco Rosas 0-0: Ball
1-0: Fly out, F8 (Flyball, 89XD)
Batting: LHB Kiyonaga Morita 0-0: Swinging Strike
0-1: SINGLE (Line Drive, 6M)
Batting: LHB Vicente Bueno 0-0: Ball
1-0: SINGLE (Groundball, 15) (infield hit)
Kiyonaga Morita to second
Batting: LHB Brock Larsen 0-0: Ball
1-0: Grounds into double play, 1-6-3 (Groundball, 13S)
Top of the 8th over - 0 run(s), 2 hit(s), 0 error(s), 1 left on base; Greenville 4 - Toronto 3
BOTTOM OF THE 8TH
Toronto Titans batting - Pitching for Greenville 84s : RHP Hiroshige Yamada
Pitching: RHP Ángel Lara
Batting: LHB José Rodríguez 0-0: Foul Ball, location: 2F
0-1: Ball
1-1: Foul Ball, location: 2F
1-2: Ground out 4-3 (Groundball, 4)
Pitching: LHP Sam Kettley
Batting: LHB Kent MacDulothe 0-0: Fly out, F6 (Popup, 6MS)
Pitching: RHP Dave Smith
Batting: RHB Jim Tracy 0-0: Ball
1-0: Ball
2-0: Swinging Strike
2-1: Ground out U3 (Groundball, 3S)
Bottom of the 8th over - 0 run(s), 0 hit(s), 0 error(s), 0 left on base; Greenville 4 - Toronto 3
TOP OF THE 9TH
Greenville 84s batting - Pitching for Toronto Titans : RHP Pablo Cabral
Batting: LHB Mario Cornelo 0-0: Ground out 5-3 (Groundball, 5)
Batting: RHB Carlos Torres 0-0: Called Strike
0-1: Swinging Strike
0-2: Ball
1-2: Fly out, F8 (Line Drive, 8RM)
Batting: LHB Chris Moore 0-0: Ball
1-0: Ball
2-0: Called Strike
2-1: Ball
3-1: Swinging Strike
3-2: Strikes out swinging
Top of the 9th over - 0 run(s), 0 hit(s), 0 error(s), 0 left on base; Greenville 4 - Toronto 3
BOTTOM OF THE 9TH
Toronto Titans batting - Pitching for Greenville 84s : RHP Dave Smith
Pitching: LHP Francisco Ríos
Batting: RHB Chris Parker 0-0: Called Strike
0-1: Swinging Strike
0-2: Strikes out looking
Batting: LHB Greg Schultz 0-0: Ball
1-0: Ball
2-0: Ground out 4-3 (Groundball, 4)
Batting: RHB Carlos Pérez 0-0: Ground out 6-3 (Groundball, 6)
Bottom of the 9th over - 0 run(s), 0 hit(s), 0 error(s), 0 left on base; Greenville 4 - Toronto 3
This league is powered by Out of the Park Baseball, the baseball management simulation game for PC, Mac and Linux
Tuesday, August 2nd, 2016 - OOTP Baseball 16.8 Build 38